[Event "Titled Tuesday Blitz November 15 Early 2022"]
[White "Makhmudov, Shukhrat"]
[Black "Martin Duque, Jesus"]
[WhiteFideId "14200775"]
[BlackFideId "2208954"]
[WhiteElo "2135"]
[BlackElo "2297"]
[Result "0-1"]
[Round "03"]
[TimeControl "180+1"]
[Date "2022.11.16"]
[WhiteClock "0:00:08"]
[BlackClock "0:01:18"]

1. e4 c5 2. Nf3 b6 3. c3 Bb7 4. Bd3 g6 5. Bc2 Bg7 6. d4 cxd4 7. cxd4 Nf6 8. Nc3 O-O 9. O-O d6 10. Bg5 Nc6 11. Re1 h6 12. Be3 Ng4 13. Bc1 e5 14. d5 Nd4 15. Nxd4 exd4 16. Qxg4 dxc3 17. b3 Re8 18. Qh3 h5 19. Qg3 Bxd5 20. Bg5 f6 21. exd5 Rxe1+ 22. Rxe1 fxg5 23. Bxg6 Qf6 24. Qd3 Rc8 25. Bf5 Rc7 26. Re6 c2 27. Rxf6 c1=Q+ 28. Qf1 Qxf1+ 0-1


[Site "https://www.chess.com"]

[Event "Titled Tuesday Blitz November 15 Early 2022"]
[White "Makridis, Dimitrios"]
[Black "Przybylski, Wojciech"]
[WhiteFideId "25864475"]
[BlackFideId "1117599"]
[WhiteElo "2846"]
[BlackElo "2547"]
[Result "1-0"]
[Round "03"]
[TimeControl "180+1"]
[Date "2022.11.16"]
[WhiteClock "0:01:04"]
[BlackClock "0:00:01"]

1. c4 e5 2. Nc3 Nf6 3. g3 d5 4. cxd5 Nxd5 5. Bg2 Nb6 6. Nf3 Nc6 7. O-O Be7 8. e3 O-O 9. d4 exd4 10. Nxd4 Nxd4 11. exd4 c6 12. d5 cxd5 13. Nxd5 Nxd5 14. Bxd5 Bf6 15. Bf4 Qd7 16. Qb3 a5 17. Rad1 a4 18. Qb4 Ra6 19. Bc4 Qg4 20. Bxa6 bxa6 21. Bd6 Re8 22. Qxg4 Bxg4 23. Rd2 Be6 24. a3 h5 25. Bb4 h4 26. Bc3 Bg5 27. f4 Be7 28. f5 Bc4 29. Rf4 Bg5 30. Rxc4 Bxd2 31. Bxd2 Re2 32. Bc3 h3 33. Rh4 Rg2+ 34. Kh1 Rf2 35. Rxh3 Rxf5 36. Rh4 f6 37. Rxa4 Rf2 38. Rxa6 Kf7 39. Kg1 Re2 40. a4 Kg6 41. Ra7 Re4 42. a5 Ra4 43. a6 Kf5 44. Rxg7 Rxa6 45. Rf7 Kg4 46. Rxf6 Ra7 47. Kg2 Re7 48. Rf4+ Kh5 49. g4+ Kg6 50. h4 Re3 51. h5+ Kg5 52. Bd2 Re2+ 53. Rf2+ Kh4 54. Rxe2 Kxg4 55. Re5 1-0


[Site "https://www.chess.com"]

[Event "Titled Tuesday Blitz November 15 Early 2022"]
[White "Malka, Samuel"]
[Black "Sipila, Vilka"]
[WhiteFideId "20643675"]
[BlackFideId "505455"]
[WhiteElo "2461"]
[BlackElo "2347"]
[Result "0-1"]
[Round "03"]
[TimeControl "180+1"]
[Date "2022.11.16"]
[WhiteClock "0:00:37"]
[BlackClock "0:01:35"]

1. d4 Nf6 2. c4 g6 3. Nc3 Bg7 4. e4 d6 5. Nf3 O-O 6. Be2 e5 7. O-O exd4 8. Nxd4 Re8 9. f3 c6 10. Bg5 h6 11. Bh4 g5 12. Bf2 d5 13. exd5 cxd5 14. c5 Nc6 15. Qd2 Nh5 16. Nxc6 bxc6 17. g3 Bh3 18. Rfe1 Qf6 19. Rad1 Re6 20. Bd4 Qe7 21. Bxg7 Nxg7 22. Bf1 Qxc5+ 23. Kh1 Bxf1 24. Rxf1 Rae8 25. Rfe1 Nf5 26. Rxe6 Rxe6 27. Re1 Ne3 28. Nd1 Nc4 29. Qc3 d4 0-1


[Site "https://www.chess.com"]

[Event "Titled Tuesday Blitz November 15 Early 2022"]
[White "Mamedov, Edgar"]
[Black "Barbashin, Igor"]
[WhiteFideId "13739980"]
[BlackFideId "4155718"]
[WhiteElo "2183"]
[BlackElo "2138"]
[Result "1-0"]
[Round "03"]
[TimeControl "180+1"]
[Date "2022.11.16"]
[WhiteClock "0:00:43"]
[BlackClock "0:00:10"]

1. Nf3 Nf6 2. c4 d6 3. d4 g6 4. Nc3 Bg7 5. e4 O-O 6. Be2 e5 7. d5 Nbd7 8. Be3 Ng4 9. Bg5 f6 10. Bh4 a6 11. Nd2 Nh6 12. f3 c6 13. O-O cxd5 14. Nxd5 Nb6 15. Bf2 Nxd5 16. cxd5 f5 17. Nc4 b5 18. Nb6 Rb8 19. Nxc8 Rxc8 20. a4 Bf6 21. axb5 axb5 22. Bxb5 Rb8 23. Qe2 Bh4 24. Be3 f4 25. Ba7 Rb7 26. Kh1 Qc7 27. Bg1 Rfb8 28. Rfc1 Qe7 29. Ra5 Qd8 30. b4 Nf7 31. Rb1 Qf8 32. Qc4 Bd8 33. Qc6 Bxa5 34. bxa5 Nd8 35. Qc4 Qe7 36. a6 Rc7 37. Qa4 Ra8 38. Bc6 Nxc6 39. dxc6 Qe8 40. Rb6 Rca7 41. Qc4+ Kg7 42. Rb7+ Kh6 43. Rxa7 Rxa7 44. Bxa7 Qa8 45. Bg1 1-0


[Site "https://www.chess.com"]

[Event "Titled Tuesday Blitz November 15 Early 2022"]
[White "Manon-og, Ramon Jr."]
[Black "Abrahamyan, Tatev"]
[WhiteFideId "5200776"]
[BlackFideId "13301918"]
[WhiteElo "2313"]
[BlackElo "2347"]
[Result "0-1"]
[Round "03"]
[TimeControl "180+1"]
[Date "2022.11.16"]
[WhiteClock "0:00:01"]
[BlackClock "0:00:23"]

1. e4 e6 2. d4 d5 3. Nd2 c5 4. exd5 Qxd5 5. dxc5 Nf6 6. Ngf3 Nbd7 7. Bc4 Qxc5 8. O-O Be7 9. c3 O-O 10. Bb3 b6 11. Re1 Bb7 12. Bc2 Rfd8 13. Qe2 Rac8 14. Nf1 Qc7 15. Ng3 Nc5 16. Bg5 Ba6 17. Qe3 Bd3 18. Rac1 Bxc2 19. Rxc2 Nd3 20. Rd1 Bc5 21. Qe2 Nxf2 22. Rf1 N2e4+ 23. Kh1 Nxg3+ 24. hxg3 Qxg3 25. Bh4 Qg4 26. b4 Be7 27. Rd1 Rxd1+ 28. Qxd1 Rd8 29. Rd2 Rxd2 30. Qxd2 h6 31. Qd3 Qh5 32. Kg1 Qd5 33. Qe2 Qc6 34. Be1 Nd5 35. Ne5 Qc7 36. Bg3 Qxc3 37. Kh2 Bd6 0-1


[Site "https://www.chess.com"]

[Event "Titled Tuesday Blitz November 15 Early 2022"]
[White "Martin, Lewis"]
[Black "Radovic, Luka"]
[WhiteFideId "410551"]
[BlackFideId "911569"]
[WhiteElo "2145"]
[BlackElo "2257"]
[Result "1-0"]
[Round "03"]
[TimeControl "180+1"]
[Date "2022.11.16"]
[WhiteClock "0:00:45"]
[BlackClock "0:00:16"]

1. e4 c5 2. Nf3 d6 3. d4 cxd4 4. Nxd4 Nf6 5. Nc3 a6 6. Bg5 e6 7. f4 h6 8. Bh4 Qb6 9. a3 Nbd7 10. Bf2 Qc7 11. Qf3 Be7 12. Bd3 b5 13. O-O Bb7 14. Rae1 O-O-O 15. Rc1 Nc5 16. Rfe1 g5 17. fxg5 hxg5 18. b4 Ncd7 19. Ncxb5 axb5 20. Nxb5 Qb8 21. Na7+ Kc7 22. Bb5 Bxe4 23. Rxe4 Nxe4 24. Qxe4 d5 25. Qd4 Kb7 26. Bc6+ Ka6 27. b5+ 1-0


[Site "https://www.chess.com"]

[Event "Titled Tuesday Blitz November 15 Early 2022"]
[White "Martynenko, Ivan"]
[Black "Donskov, Anatoly"]
[WhiteFideId "2053179"]
[BlackFideId "24143413"]
[WhiteElo "2184"]
[BlackElo "2219"]
[Result "0-1"]
[Round "03"]
[TimeControl "180+1"]
[Date "2022.11.16"]
[WhiteClock "0:00:13"]
[BlackClock "0:00:54"]

1. e4 c5 2. Nf3 e6 3. d4 cxd4 4. Nxd4 Nf6 5. Bd3 Nc6 6. Nxc6 bxc6 7. c4 d5 8. exd5 cxd5 9. cxd5 Qxd5 10. Nc3 Qxg2 11. Rf1 Bc5 12. Qe2 O-O 13. Bf4 Bb7 14. Be5 Bf3 15. Qc2 Ng4 16. Bxh7+ Kh8 17. Ne4 Ne3 18. Kd2 Rad8+ 19. Kc3 Nxf1 20. Nxc5 Rd5 21. Bd4 e5 0-1


[Site "https://www.chess.com"]

[Event "Titled Tuesday Blitz November 15 Early 2022"]
[White "Matinian, Nikita"]
[Black "Potapova, Margarita"]
[WhiteFideId "24129100"]
[BlackFideId "14126869"]
[WhiteElo "2422"]
[BlackElo "2272"]
[Result "1/2-1/2"]
[Round "03"]
[TimeControl "180+1"]
[Date "2022.11.16"]
[WhiteClock "0:00:14"]
[BlackClock "0:00:40"]

1. e4 c6 2. d4 d5 3. e5 Bf5 4. Nf3 e6 5. Be2 c5 6. Be3 Qb6 7. Nc3 Nc6 8. Na4 Qa5+ 9. c3 c4 10. O-O b5 11. Nc5 Bxc5 12. dxc5 Nge7 13. Nd4 O-O 14. f4 Nxd4 15. cxd4 b4 16. g4 Be4 17. Bf3 Qb5 18. Bxe4 dxe4 19. f5 Nd5 20. Qe2 a6 21. Rae1 c3 22. Qf2 Qd3 23. bxc3 bxc3 24. f6 g6 25. Qh4 Kh8 26. Bh6 Qxd4+ 27. Kh1 e3 28. Bg7+ Kg8 29. Bxf8 Rxf8 30. Qh6 Qe4+ 31. Kg1 Qxg4+ 32. Kh1 Qe4+ 33. Kg1 Qg4+ 34. Kh1 Qe4+ 35. Kg1 Qg4+ 1/2-1/2


[Site "https://www.chess.com"]

[Event "Titled Tuesday Blitz November 15 Early 2022"]
[White "Matveeva, Olga"]
[Black "Tan, Jun Ying"]
[WhiteFideId "24107018"]
[BlackFideId "5710413"]
[WhiteElo "2055"]
[BlackElo "2089"]
[Result "0-1"]
[Round "03"]
[TimeControl "180+1"]
[Date "2022.11.16"]
[WhiteClock "0:00:04"]
[BlackClock "0:00:23"]

1. d4 Nf6 2. c4 e6 3. g3 c5 4. d5 exd5 5. cxd5 d6 6. Nc3 g6 7. Nf3 Bg7 8. Bg2 O-O 9. O-O Re8 10. Nd2 b6 11. a4 Nbd7 12. h3 a6 13. Qc2 Rb8 14. Nc4 Ne5 15. Na3 Nh5 16. e4 Bd7 17. f4 Nxg3 18. fxe5 Nxf1 19. Bxf1 Bxe5 20. Nc4 Bd4+ 21. Be3 Qg5+ 22. Kf2 Qh4+ 23. Ke2 Bxe3 24. Nxe3 Bxh3 25. Bxh3 Qxh3 26. Rf1 f5 27. Kd2 Qh2+ 28. Kc1 Qh6 29. Qf2 b5 30. axb5 axb5 31. Kb1 b4 32. Ng4 fxg4 33. Qf7+ Kh8 34. Nb5 Qg7 35. Nxd6 Qxf7 36. Nxf7+ Kg7 37. e5 g3 38. e6 h5 39. Ng5 Rbd8 40. Rf7+ Kh6 41. Ne4 g2 0-1


[Site "https://www.chess.com"]

[Event "Titled Tuesday Blitz November 15 Early 2022"]
[White "Melaugh, Shane"]
[Black "Stijve, Theo"]
[WhiteFideId "2509580"]
[BlackFideId "1331132"]
[WhiteElo "2025"]
[BlackElo "2256"]
[Result "1/2-1/2"]
[Round "03"]
[TimeControl "180+1"]
[Date "2022.11.16"]
[WhiteClock "0:00:06"]
[BlackClock "0:00:24"]

1. c4 e5 2. Nc3 Be7 3. g3 f5 4. Bg2 Nf6 5. d3 O-O 6. Nf3 d6 7. Bg5 Nbd7 8. O-O Qe8 9. Bxf6 Nxf6 10. Nd5 Nxd5 11. cxd5 Bd7 12. Rc1 c5 13. dxc6 Bxc6 14. Nd2 Bxg2 15. Kxg2 Qd7 16. Qb3+ Kh8 17. Qd5 Rac8 18. Nc4 Qc6 19. Ne3 Qxd5+ 20. Nxd5 Bg5 21. f4 exf4 22. gxf4 Bh4 23. Kf3 Kg8 24. e3 Kf7 25. Rg1 Bf6 26. Nxf6 Kxf6 27. Rc3 Rxc3 28. bxc3 h6 29. Rb1 Rf7 30. c4 g5 31. Rb5 g4+ 32. Kf2 Re7 33. Rd5 Ke6 34. e4 fxe4 35. dxe4 Rc7 36. Rh5 Rxc4 37. Rxh6+ Kd7 38. Ke3 Rc2 39. f5 Rxa2 40. Kf4 b5 41. Rh7+ Kc6 42. f6 Rf2+ 43. Kg5 b4 44. Rxa7 Rxh2 45. Kxg4 Rf2 46. f7 b3 47. Kg3 Rf1 48. Kg2 Rf6 49. Ra3 b2 50. Rb3 Rxf7 51. Rxb2 Kc5 52. Rd2 Rf4 53. Rd5+ Kc6 54. Rd4 Kc5 55. Rd5+ Kc6 56. Rd4 Rf8 57. Kg3 Rf7 58. Rd5 Rf1 59. Rd4 Rf6 60. Rd5 Kc7 61. Rd4 Kb6 62. Rd5 Kc6 63. Kg4 Re6 64. Rd4 Kc5 65. Rd5+ Kc4 66. Kf4 Rh6 67. Ke3 Rh3+ 68. Kf4 Rh6 69. Ke3 Rf6 70. Rd4+ Kc5 71. Rd5+ Kc6 72. Rg5 Re6 73. Kd4 Rf6 74. Ra5 Rf1 75. Ra6+ Kd7 76. Ra5 Ke6 77. Rh5 Rd1+ 78. Ke3 Ra1 79. Rh6+ Kd7 80. Kd4 Ra4+ 81. Kd3 Kc6 82. Rh5 Rb4 83. Ra5 Rb1 84. Kd4 Rd1+ 85. Kc4 Rh1 86. Ra6+ Kd7 87. Kd5 Rd1+ 88. Kc4 Ke6 89. Ra5 Rd2 90. Rh5 Re2 91. Kd4 Rd2+ 92. Ke3 Ra2 93. Kd4 Ra4+ 94. Kd3 Kd7 95. Rb5 Kc6 96. Rh5 Ra3+ 97. Kd4 Ra1 98. Rg5 Rd1+ 99. Ke3 Ra1 100. Rd5 Ra3+ 101. Kd4 1/2-1/2


[Site "https://www.chess.com"]

[Event "Titled Tuesday Blitz November 15 Early 2022"]
[White "Melian, Juan Sebastian"]
[Black "Kovalev, Vladislav"]
[WhiteFideId "3706575"]
[BlackFideId "13504398"]
[WhiteElo "2576"]
[BlackElo "2855"]
[Result "1/2-1/2"]
[Round "03"]
[TimeControl "180+1"]
[Date "2022.11.16"]
[WhiteClock "0:00:04"]
[BlackClock "0:00:05"]

1. d4 Nf6 2. c4 e6 3. Nc3 Bb4 4. Qc2 b6 5. Nf3 Bb7 6. e3 O-O 7. Be2 Ne4 8. O-O Bxc3 9. bxc3 d6 10. Ne1 f5 11. f3 Nf6 12. Rb1 Nbd7 13. Nd3 e5 14. c5 e4 15. Nf4 dxc5 16. Ne6 Qe7 17. Nxf8 Rxf8 18. f4 Rd8 19. Ba3 Nd5 20. Bc4 Kh8 21. Bxd5 Bxd5 22. c4 Bb7 23. Rbd1 Re8 24. dxc5 Nxc5 25. Qc3 Bc6 26. Rd2 h6 27. Qd4 Kh7 28. Rfd1 Ba4 29. Rb1 Ne6 30. Bxe7 Nxd4 31. Rxd4 Rxe7 32. Rc1 Kg6 33. Kf2 Kf6 34. Ke1 g5 35. g3 gxf4 36. gxf4 Rg7 37. Kf2 Ke6 38. Rg1 Rxg1 39. Kxg1 Bc2 40. c5 Bd3 41. cxb6 axb6 42. Kf2 c5 43. Rd8 b5 44. Ke1 b4 45. Rc8 Kd5 46. Kd2 c4 47. Rd8+ Kc5 48. Rc8+ Kb5 49. Rb8+ Ka4 50. Rb6 Ka3 51. Kc1 b3 52. axb3 cxb3 53. Rb7 h5 54. Rb8 h4 55. Rb7 h3 56. Ra7+ Kb4 57. Kb2 Bc2 58. Rf7 Kc4 59. Rxf5 Kd3 60. Rh5 Kxe3 61. Rxh3+ Kxf4 62. Kc3 e3 63. Rh8 e2 64. Re8 Be4 65. Kd2 b2 66. Rb8 Kf3 67. Rxb2 Kf2 68. Kc3 Kf3 69. Kd2 Kf2 70. Kc3 Ke3 71. Rxe2+ Kxe2 72. h4 Bg6 73. h5 Bxh5 1/2-1/2


[Site "https://www.chess.com"]

[Event "Titled Tuesday Blitz November 15 Early 2022"]
[White "Mihailidis, Anastasios"]
[Black "Seifert, Henryk"]
[WhiteFideId "4205588"]
[BlackFideId "1100963"]
[WhiteElo "2312"]
[BlackElo "2120"]
[Result "1-0"]
[Round "03"]
[TimeControl "180+1"]
[Date "2022.11.16"]
[WhiteClock "0:01:58"]
[BlackClock "0:00:12"]

1. e4 e6 2. d4 d5 3. Nd2 c5 4. exd5 exd5 5. Bb5+ Nc6 6. Ngf3 Bd6 7. dxc5 Bxc5 8. O-O Ne7 9. Nb3 Bb6 10. Re1 O-O 11. Bd3 Bf5 12. Bg5 Qd7 13. Bxe7 Bxd3 14. Bxf8 Bxc2 15. Qxc2 Rxf8 16. Rad1 Rd8 17. Ne5 Nxe5 18. Rxe5 d4 19. Qf5 Qc6 20. Qe4 g6 21. Qxc6 bxc6 22. a4 d3 23. a5 Bc7 24. Re3 c5 25. Rexd3 Rxd3 26. Rxd3 c4 27. Rc3 1-0


[Site "https://www.chess.com"]

[Event "Titled Tuesday Blitz November 15 Early 2022"]
[White "Mika, Tomasz"]
[Black "Nguyen, Thai Dai Van"]
[WhiteFideId "1132970"]
[BlackFideId "358878"]
[WhiteElo "2126"]
[BlackElo "2534"]
[Result "0-1"]
[Round "03"]
[TimeControl "180+1"]
[Date "2022.11.16"]
[WhiteClock "0:00:56"]
[BlackClock "0:00:57"]

1. Nf3 Nf6 2. c4 e6 3. b3 d5 4. g3 Be7 5. Bg2 O-O 6. d4 c5 7. cxd5 exd5 8. O-O Nc6 9. Bb2 Ne4 10. Nc3 Bf6 11. Na4 cxd4 12. Nxd4 Bd7 13. Nxc6 Bxc6 14. Bxf6 Qxf6 15. Rc1 Rfe8 16. e3 Bb5 17. Re1 Qxf2+ 18. Kh1 Bxa4 19. bxa4 Qxa2 20. Qd4 h6 21. Rc7 Rac8 22. Rxc8 Rxc8 23. Bxe4 dxe4 24. Qxe4 Rc2 25. Qe8+ Kh7 26. Qe4+ g6 27. Qh4 Qd5+ 28. e4 Qd2 29. Rg1 Qf2 0-1


[Site "https://www.chess.com"]

[Event "Titled Tuesday Blitz November 15 Early 2022"]
[White "Minko, Dmitry"]
[Black "Leiva, Gianmarco"]
[WhiteFideId "24188468"]
[BlackFideId "3804399"]
[WhiteElo "2147"]
[BlackElo "2286"]
[Result "0-1"]
[Round "03"]
[TimeControl "180+1"]
[Date "2022.11.16"]
[WhiteClock "0:00:17"]
[BlackClock "0:00:29"]

1. e4 c5 2. Nf3 d6 3. d4 cxd4 4. Nxd4 Nf6 5. Nc3 a6 6. h3 e5 7. Nb3 Be7 8. g4 h6 9. f4 b5 10. Bg2 Bb7 11. O-O b4 12. Nd5 Nxd5 13. exd5 Nd7 14. Qe2 a5 15. c4 O-O 16. Be3 exf4 17. Bxf4 Re8 18. Qf2 Bh4 19. Qf3 Qb6+ 20. Kh1 Re7 21. Rad1 Ba6 22. Bxd6 Qxd6 23. c5 Nxc5 24. Nxc5 Qxc5 25. d6 Bb7 26. Qxb7 Rxb7 27. Bxb7 Ra7 28. Bd5 Rd7 0-1


[Site "https://www.chess.com"]

[Event "Titled Tuesday Blitz November 15 Early 2022"]
[White "Mitrabha, Guha"]
[Black "Papasimakopoulos, Alexandros"]
[WhiteFideId "5057000"]
[BlackFideId "4244125"]
[WhiteElo "2526"]
[BlackElo "2365"]
[Result "0-1"]
[Round "03"]
[TimeControl "180+1"]
[Date "2022.11.15"]
[WhiteClock "0:00:20"]
[BlackClock "0:00:35"]

1. Nf3 d5 2. c4 e6 3. d4 Nf6 4. g3 Bb4+ 5. Nbd2 O-O 6. Bg2 Ne4 7. O-O Nxd2 8. Bxd2 Bxd2 9. Qxd2 Nd7 10. Rac1 c6 11. b4 a6 12. a4 dxc4 13. a5 b5 14. axb6 Nxb6 15. Ne5 Bb7 16. Nxc4 Nxc4 17. Rxc4 Qb6 18. Rfc1 Rfc8 19. e3 a5 20. bxa5 Qxa5 21. Qxa5 Rxa5 22. Rb4 Ra7 23. Bxc6 g6 24. Rbc4 Bxc6 25. Rxc6 Rxc6 26. Rxc6 h5 27. Kg2 Kg7 28. Kf3 Kf6 29. h3 Rb7 30. g4 hxg4+ 31. hxg4 g5 32. Ke4 Rb5 33. f3 Ra5 34. Rc5 Ra3 35. Rc2 Ra5 36. Kd3 Ra3+ 37. Rc3 Ra1 38. Kc4 Ke7 39. e4 Kd6 40. Kd3 Ke7 41. Rb3 Rf1 42. Ke3 Rd1 43. Rb7+ Kf6 44. Rd7 Ra1 45. e5+ Kg6 46. Rd6 Kg7 47. Kd3 Ra3+ 48. Ke4 Ra1 49. Rb6 Re1+ 50. Kd3 Rd1+ 51. Ke3 Re1+ 52. Kd2 Rf1 53. Ke2 Ra1 54. Rb7 Ra2+ 55. Ke3 Ra3+ 56. Ke4 Ra1 57. Kd3 Rd1+ 58. Kc4 Rc1+ 59. Kb5 Rf1 60. Kc6 Rxf3 61. d5 Rc3+ 62. Kd7 exd5 63. Kd6 Kg6 64. Kxd5 Rf3 65. Rb6+ Kg7 66. Rb4 Kg6 67. Kd6 Rf4 68. Kc5 Rxb4 69. Kxb4 f5 70. exf6 Kxf6 71. Kc4 Ke5 72. Kd3 Kf4 73. Ke2 Kxg4 74. Kf1 Kh3 75. Kg1 Kg3 76. Kf1 Kh2 0-1


[Site "https://www.chess.com"]

[Event "Titled Tuesday Blitz November 15 Early 2022"]
[White "Mohamed Anees M"]
[Black "Concio, Michael Jr."]
[WhiteFideId "35065815"]
[BlackFideId "5217873"]
[WhiteElo "2135"]
[BlackElo "2236"]
[Result "1-0"]
[Round "03"]
[TimeControl "180+1"]
[Date "2022.11.16"]
[WhiteClock "0:00:13"]
[BlackClock "0:00:02"]

1. e4 c5 2. Nf3 Nc6 3. Bb5 g6 4. Bxc6 bxc6 5. O-O Bg7 6. Nc3 Nf6 7. d3 O-O 8. h3 d6 9. e5 Nd5 10. Re1 Qc7 11. Ne4 f5 12. exf6 Nxf6 13. c3 Rb8 14. Nxf6+ Bxf6 15. Bh6 Rf7 16. Qd2 e5 17. Ng5 Bxg5 18. Bxg5 Ba6 19. d4 cxd4 20. cxd4 exd4 21. Qxd4 c5 22. Qd2 Bb7 23. Re3 Qc6 24. f3 Re8 25. Rae1 Rxe3 26. Qxe3 Bc8 27. Bh6 Bd7 28. Qb3 Qc8 29. Qd5 Qc6 30. Rd1 Qxd5 31. Rxd5 Rf6 32. Bg5 Re6 33. Bf4 Bc6 34. Rxd6 Rxd6 35. Bxd6 c4 36. Kf2 Kf7 37. Ke3 Ke6 38. Bc5 a6 39. Bd4 Kd5 40. Bc3 Bd7 41. a3 Bf5 42. Kf4 Bd3 43. h4 Ke6 44. Kg5 h5 45. g4 Bc2 46. gxh5 gxh5 47. Kxh5 Kf5 48. Kh6 Bd1 49. Kg7 Bxf3 50. Kf7 Ke4 51. Ke6 Kd3 52. Kf5 Kc2 53. Kg5 Kd3 54. h5 Be4 55. h6 1-0


[Site "https://www.chess.com"]

[Event "Titled Tuesday Blitz November 15 Early 2022"]
[White "Moksh Amit Doshi"]
[Black "Izuzquiza Gonzalez, Javier"]
[WhiteFideId "25064967"]
[BlackFideId "3101029"]
[WhiteElo "2330"]
[BlackElo "2034"]
[Result "1/2-1/2"]
[Round "03"]
[TimeControl "180+1"]
[Date "2022.11.16"]
[WhiteClock "0:00:17"]
[BlackClock "0:00:12"]

1. d4 Nf6 2. Nf3 d5 3. Bf4 g6 4. e3 Bg7 5. h3 O-O 6. Bd3 c5 7. O-O b6 8. c3 Nc6 9. Nbd2 Bb7 10. Qe2 Re8 11. Rfd1 Nd7 12. Ba6 Qc8 13. Bxb7 Qxb7 14. Bh2 Rad8 15. Rab1 e5 16. dxe5 Ndxe5 17. Nxe5 Nxe5 18. Nf3 Nc4 19. Rd3 Nd6 20. Bxd6 Rxd6 21. Rbd1 Red8 22. c4 Qa6 23. b3 d4 24. exd4 Bxd4 25. Nxd4 Rxd4 26. Rxd4 Rxd4 27. Qe8+ Kg7 28. Qe5+ Kg8 29. Rxd4 cxd4 30. a4 d3 31. Qe8+ Kg7 32. Qd7 Qa5 33. Qxd3 Qe1+ 34. Kh2 Qxf2 35. Qg3 Qd4 36. Qc7 a5 37. Kg3 Qe3+ 38. Kh2 Qxb3 39. Qe5+ Kg8 40. Qb8+ Kg7 41. Qe5+ Kg8 42. Qb8+ Kg7 43. Qe5+ 1/2-1/2


[Site "https://www.chess.com"]

[Event "Titled Tuesday Blitz November 15 Early 2022"]
[White "Mrudul Dehankar"]
[Black "Rakhmatullaev, Almas"]
[WhiteFideId "25096990"]
[BlackFideId "14205793"]
[WhiteElo "2068"]
[BlackElo "2221"]
[Result "0-1"]
[Round "03"]
[TimeControl "180+1"]
[Date "2022.11.16"]
[WhiteClock "0:00:01"]
[BlackClock "0:02:02"]

1. e4 e5 2. Nf3 Nc6 3. Bb5 a6 4. Ba4 Nf6 5. O-O b5 6. Bb3 Bb7 7. Re1 Bc5 8. c3 d6 9. d4 Bb6 10. a4 O-O 11. Na3 b4 12. Nc4 bxc3 13. bxc3 exd4 14. Nxb6 cxb6 15. cxd4 d5 16. e5 Ne4 17. Ba3 Re8 18. Rc1 Na5 19. Ba2 Rc8 20. Qd3 Qd7 21. Nd2 Qxa4 22. Bb1 Rxc1 23. Rxc1 Rc8 24. Re1 Rc3 25. Qe2 Rxa3 0-1


[Site "https://www.chess.com"]

[Event "Titled Tuesday Blitz November 15 Early 2022"]
[White "Neiksans, Arturs"]
[Black "Shimanov, Aleksandr"]
[WhiteFideId "11601388"]
[BlackFideId "4198603"]
[WhiteElo "2497"]
[BlackElo "2605"]
[Result "1/2-1/2"]
[Round "03"]
[TimeControl "180+1"]
[Date "2022.11.15"]
[WhiteClock "0:00:14"]
[BlackClock "0:00:13"]

1. Nf3 Nf6 2. g3 g6 3. Bg2 Bg7 4. O-O O-O 5. d3 d5 6. Nbd2 c5 7. e4 Nc6 8. c3 e5 9. exd5 Nxd5 10. Re1 Re8 11. Nc4 h6 12. Nfd2 Be6 13. Ne4 b6 14. a4 Qd7 15. a5 Rab8 16. axb6 axb6 17. Ned6 Red8 18. Nb5 Nde7 19. Ncd6 Nf5 20. Nxf5 Bxf5 21. Qa4 Na5 22. Be4 Be6 23. b4 cxb4 24. cxb4 Bb3 25. Qa3 Qxb5 26. bxa5 bxa5 27. Qxa5 f5 28. Qxb5 Rxb5 29. Bg2 e4 30. Ra7 exd3 31. Bd2 Bc2 32. Bc6 Rb1 33. Rxb1 Bxb1 34. Bd7 Bc2 35. Kf1 Bd1 36. h4 Bf3 37. Rc7 Rb8 38. Rc8+ Rxc8 39. Bxc8 Kf7 40. Ba6 Be2+ 41. Ke1 Bf8 42. Ba5 Bc5 43. Bd2 Kg7 44. Be3 Bb4+ 45. Bd2 Bc5 46. Be3 Bxe3 47. fxe3 Kf6 48. Kd2 g5 49. Bxd3 Bxd3 50. Kxd3 Ke5 51. hxg5 hxg5 52. g4 f4 53. Ke2 Ke4 54. exf4 Kxf4 55. Kf2 Kxg4 56. Kg2 Kf4 57. Kf2 g4 58. Kg2 Kf5 59. Kg3 Kg5 60. Kg2 Kh4 61. Kh2 g3+ 62. Kg2 Kg4 63. Kg1 Kf4 64. Kg2 Kg4 65. Kg1 Kf3 66. Kf1 g2+ 67. Kg1 Kg3 1/2-1/2


[Site "https://www.chess.com"]

[Event "Titled Tuesday Blitz November 15 Early 2022"]
[White "Nissinen, Niilo Man"]
[Black "Gedgafov, Chamal"]
[WhiteFideId "30950767"]
[BlackFideId "34130621"]
[WhiteElo "1896"]
[BlackElo "2067"]
[Result "1-0"]
[Round "03"]
[TimeControl "180+1"]
[Date "2022.11.16"]
[WhiteClock "0:00:10"]
[BlackClock "0:01:11"]

1. e4 e6 2. d4 d5 3. e5 c5 4. c3 Ne7 5. Nf3 Nec6 6. a3 a5 7. Be2 b6 8. O-O Ba6 9. Bxa6 Nxa6 10. Bg5 Qc8 11. Nbd2 Nc7 12. Rc1 c4 13. Ne1 h6 14. Bh4 Ne7 15. f4 Nf5 16. Bf2 h5 17. g3 Be7 18. h3 Qd8 19. Qe2 h4 20. g4 Ng3 21. Bxg3 hxg3 22. Kg2 Qd7 23. Kxg3 Bh4+ 24. Kg2 Bxe1 25. Qxe1 g6 26. Rh1 O-O-O 27. Qg3 Qb5 28. Rc2 Qa4 29. Rhc1 Kb8 30. Nf3 Rh6 31. h4 Rdh8 32. Kf2 Qd7 33. Ke3 b5 34. Rh2 b4 35. axb4 axb4 36. Ra1 Kb7 37. Qe1 b3 38. Ra5 Ra8 39. Qa1 Rxa5 40. Qxa5 Rh8 41. h5 Ra8 42. Qb4+ Qb5 43. Qxb5+ Nxb5 44. h6 Rh8 45. h7 Kc7 46. Ng5 Nxc3 47. Nxf7 Nd1+ 48. Kd2 Rxh7 49. Rxh7 Nf2 50. Nd6+ Kc6 51. f5 gxf5 52. gxf5 exf5 53. Nxf5 Ne4+ 54. Kc1 c3 55. bxc3 Kb5 56. e6 Nf6 57. e7 Kc4 58. Nd6+ Kxc3 59. e8=Q Nxe8 60. Nxe8 b2+ 61. Kb1 Kxd4 62. Kxb2 1-0


[Site "https://www.chess.com"]

[Event "Titled Tuesday Blitz November 15 Early 2022"]
[White "Onslow, Alfie"]
[Black "Golubev, Mikhail"]
[WhiteFideId "436976"]
[BlackFideId "14100983"]
[WhiteElo "2015"]
[BlackElo "2374"]
[Result "0-1"]
[Round "03"]
[TimeControl "180+1"]
[Date "2022.11.16"]
[WhiteClock "0:00:03"]
[BlackClock "0:00:16"]

1. e4 c5 2. Nc3 Nc6 3. Bb5 Nd4 4. Nf3 a6 5. Bd3 Nxf3+ 6. Qxf3 g6 7. e5 Bg7 8. Qe3 Nh6 9. Qxc5 O-O 10. h3 b6 11. Qe3 d6 12. exd6 exd6 13. O-O d5 14. Qf3 Bb7 15. Ne2 Qd7 16. c3 d4 17. Be4 Bxe4 18. Qxe4 d3 19. Ng3 f5 20. Qc4+ Kh8 21. f4 b5 22. Qb3 Rac8 23. a4 Nf7 24. axb5 axb5 25. Ra5 Nd6 26. Rf3 Qc7 27. Qa3 Nc4 28. Ra7 Qb6+ 29. Kh2 Nxa3 30. Rxa3 b4 31. cxb4 Rxc1 32. Raxd3 Qg1# 0-1


[Site "https://www.chess.com"]

[Event "Titled Tuesday Blitz November 15 Early 2022"]
[White "Orlov, Georgi"]
[Black "Mohamed, Saeed Laily"]
[WhiteFideId "2011271"]
[BlackFideId "9314946"]
[WhiteElo "2536"]
[BlackElo "1874"]
[Result "1-0"]
[Round "03"]
[TimeControl "180+1"]
[Date "2022.11.16"]
[WhiteClock "0:00:30"]
[BlackClock "0:00:02"]

1. d4 d5 2. Nf3 Bf5 3. c4 e6 4. Nc3 Nc6 5. a3 Nf6 6. Bg5 Be7 7. Bxf6 Bxf6 8. cxd5 exd5 9. e3 O-O 10. Qb3 Ne7 11. h3 c6 12. Be2 Qb6 13. Qxb6 axb6 14. g4 Be4 15. Nxe4 dxe4 16. Nd2 Nd5 17. Nxe4 Bh4 18. O-O f5 19. Nd6 fxg4 20. hxg4 Rf6 21. Nf5 g5 22. Kg2 Raf8 23. Bd3 h5 24. Nxh4 gxh4 25. gxh5 Rf3 26. Be2 h3+ 27. Kg1 h2+ 28. Kg2 h1=Q+ 29. Kxh1 Rxf2 30. Rxf2 Rxf2 31. Rg1+ Kh7 32. Rg2 Rf8 33. e4 Ne7 34. Kg1 Kh6 35. Rf2 Rg8+ 36. Kf1 Rg3 37. Rf7 Ng8 38. Kf2 Rg5 39. e5 1-0


[Site "https://www.chess.com"]